 Dungeon Crawl Stone Soup version 0.30-a0-824-g6c64550be9 (webtiles) character file.

Game seed: 10139805764030832391

2 Nacht the Grave Robber (level 1, 0/13 HPs)
             Began as a Demonspawn Necromancer on Feb 27, 2023.
             Slain by a goblin
             ... wielding a +0 club
              (4 damage)
             ... on level 1 of the Dungeon.
             The game lasted 00:00:13 (36 turns).

Nacht the Grave Robber (Demonspawn Necromancer)       Turns: 36, Time: 00:00:13

Health: 0/13       AC:  2    Str:  8    XL:     1   Next: 25%
Magic:  3/3        EV: 12    Int: 16    God:
Gold:   0          SH:  0    Dex: 13    Spells: 3/4 levels left

rFire   . . .      SeeInvis .    (no weapon)
rCold   . . .      Faith    .    (no shield)
rNeg    . . .      Spirit   .    a - +0 robe
rPois   .          Reflect  .    (no helmet)
rElec   .          Harm     .    (no cloak)
rCorr   .          Rampage  .    (no gloves)
Will    .....                    (no boots)
Stlth   ++                       (no amulet)
HPRegen 0.22/turn                (no ring)
MPRegen 0.08/turn                (no ring)

@: no status effects
A: no striking features
a: no special abilities


You were on level 1 of the Dungeon.
You visited 1 branch of the dungeon, and saw 1 of its levels.

Inventory:

Armour
 a - a +0 robe (worn)
Scrolls
 d - 2 scrolls of identify {unknown}
Potions
 c - a potion of attraction {unknown}


   Skills:
 - Level 1.7 Dodging
 - Level 1.7 Stealth
 + Level 2.0 Spellcasting
 + Level 4.4 Necromancy


You had 3 spell levels left.
You knew the following spells:

 Your Spells              Type           Power      Damage    Failure   Level
a - Necrotise             Necr           60%        1d7       3%          1

Your spell library contained the following spells:

 Spells                   Type           Power      Damage    Failure   Level
 Vampiric Draining        Necr           15%        2d7       10%         3
 Animate Dead             Necr           15%        N/A       32%         4
 Agony                    Necr           15%        N/A       67%         5


Dungeon Overview and Level Annotations

Branches:
Dungeon (1/15)

Altars:

Shops:
D:1 (


Message History

Aim: a rat (ally target, chance to affect: 85%)
The rat barely resists.
Casting: Necrotise (safe; 3% risk of failure)
Confirm with . or Enter, or press ? or * to list all spells.
Aiming: Necrotise (safe; 3% risk of failure)
Press: ? - help, Shift-Dir - straight line, f/p - rat
Aim: a rat (ally target, chance to affect: 85%)
The rat writhes in agony.
Casting: Necrotise (safe; 3% risk of failure)
Confirm with . or Enter, or press ? or * to list all spells.
You don't have enough magic to cast this spell.
You hit the rat but do no damage.
The rat is heavily wounded.
Your goblin skeleton hits the rat.
The rat dies!
A goblin comes into view. It is wielding a +0 club.
A goblin is nearby!
A goblin is nearby!
Casting: Necrotise (safe; 3% risk of failure)
Confirm with . or Enter, or press ? or * to list all spells.
You don't have enough magic to cast this spell.
Your goblin skeleton barely misses the goblin.
The goblin barely misses you.
You barely miss the goblin.
Your goblin skeleton hits the goblin.
The goblin hits you with a +0 club.
You barely miss the goblin.
The goblin is moderately wounded.
Your goblin skeleton misses the goblin.
The goblin hits you with a +0 club.
You closely miss the goblin.
The goblin is moderately wounded.
Your goblin skeleton barely misses the goblin.
The goblin barely misses you.
Casting: Necrotise (safe; 3% risk of failure)
Confirm with . or Enter, or press ? or * to list all spells.
You don't have enough magic to cast this spell.
The goblin hits you with a +0 club.
* * * LOW HITPOINT WARNING * * *
Magic courses through your body.
Your goblin skeleton misses the goblin.
The goblin hits you with a +0 club.
You die...

............ #.....#....
.. ......... ...
.......##... ....∩......
########### .........
#.........#####.?...#.##
.............##.Zg).....
...⌠...⌠.......#@#.....
⌠.........⌠...##.# #.#
.....≈.........#.#
...........⌠(..#.#
..≈.....≈......+..
...........⌠...###
.....≈.........#
⌠..[......⌠...##
...⌠...⌠......+


You could see a goblin (ally target) and a friendly goblin skeleton.

Vanquished Creatures
  A goblin (D:1)
1 creature vanquished.

Vanquished Creatures (collateral kills)
  A rat (D:1)
1 creature vanquished.

Grand Total: 2 creatures vanquished

Notes
Turn   | Place    | Note
-------+----------+-------------------------------------------
     0 | D:1      | Nacht the Demonspawn Necromancer began the quest for the
                  | Orb.
     0 | D:1      | Reached XP level 1. HP: 13/13 MP: 3/3
    19 | D:1      | Found Himoib's Antique Weapon Emporium.
    36 | D:1      | Slain by a goblin

Illustrated notes

Levels and vault maps discovered:
D:1:      dpeg_arrival_stone_temple_mockup, layout_basic, serial_shops,
          shop_coins, shop, shop, nicolae_shop_stone

Action                     || total
---------------------------++-------
  Melee: Unarmed           ||     4
   Cast: Necrotise         ||     3
    Use: Potion            ||     1
  Dodge: Dodged            ||     2

Table legend: (Time is in decaauts)
 A = Elapsed time spent in this place.
 B = Non-inter-level travel time spent in this place.
 C = Inter-level travel time spent in this place.
 D = Time resting spent in this place.
 E = Time spent auto-exploring this place.
 F = Levels seen in this place.
 G = Mean time per level.
                   A        B        C        D        E       F      G
               +--------+--------+--------+--------+--------+-----+--------+
         Total |     36 |     36 |      0 |      0 |     18 |   1 |   36.0 |
       Dungeon |     36 |     36 |      0 |      0 |     18 |   1 |   36.0 |
               +--------+--------+--------+--------+--------+-----+--------+

Top non-repeatable levels by time:
     D:1: 36 daAuts
